 Dungeon Crawl Stone Soup version 0.28.0-45-g0d030f2227 (webtiles) character file.

Game seed: 10019695461400983266

3040 Gabide the Martial Artist (level 10, -5/76 HPs)
             Began as a Human Monk on Apr 8, 2022.
             Was a Priest of Elyvilon.
             Slain by an orc warrior
             ... wielding a +0 war axe
              (10 damage)
             ... on level 7 of the Dungeon.
             The game lasted 00:20:25 (12640 turns).

Gabide the Martial Artist (Human Monk)             Turns: 12640, Time: 00:20:26

Health: -5/76      AC: 18    Str: 12    XL:     10   Next: 11%
Magic:  13/13      EV: 16    Int: 11    God:    Elyvilon [***...]
Gold:   2011       SH:  0    Dex: 19    Spells: 9/9 levels left

rFire   + . .      SeeInvis +     - Unarmed
rCold   . . .      Faith    .   s - orb {mayhem}
rNeg    + . .      Spirit   .   r - +3 leather armour {rN+}
rPois   .          Reflect  .   e - +2 hat
rElec   .          Harm     .   m - +0 cloak {Will+}
rCorr   .          Rampage  .   h - +0 pair of gloves
Will    +....                   d - +2 pair of boots
Stlth   ++........              (no amulet)
HPRegen 0.22/turn               o - ring of see invisible
MPRegen 0.13/turn               u - +4 ring of protection

@: no status effects
A: fire resistance 1, noise suppression
a: Renounce Religion, Purification, Heal Other, Heal Self


You were on level 7 of the Dungeon.
You worshipped Elyvilon.
Elyvilon was most pleased with you.
You visited 1 branch of the dungeon, and saw 7 of its levels.

You collected 2452 gold pieces.
You spent 441 gold pieces at shops.

Inventory:

Armour
 d - a +2 pair of boots (worn)
 e - a +2 hat (worn)
 h - a +0 pair of gloves (worn)
 i - +0 steam dragon scales
 m - a +0 cloak of willpower (worn)
 r - a +3 leather armour of positive energy (worn)
 s - an orb of mayhem (worn)
Jewellery
 g - a ring of fire
 o - a ring of see invisible (left hand)
 u - a +4 ring of protection (right hand)
Wands
 f - a wand of polymorph (12)
 t - a wand of flame (14)
Scrolls
 a - a scroll of silence
 c - 3 scrolls of vulnerability
 j - a scroll of holy word {unknown}
 n - a scroll of teleportation
 v - a scroll of magic mapping {unknown}
 w - a scroll of fear
Potions
 b - a potion of ambrosia {unknown}
 k - 3 potions of curing
 l - 2 potions of brilliance
 p - a potion of resistance {unknown}
 q - a potion of degeneration {unknown}


   Skills:
 * Level 6.0 Fighting
 + Level 3.7 Armour
 * Level 7.9 Dodging
 - Level 2.0 Stealth
 + Level 8.2 Unarmed Combat
 * Level 5.1 Invocations


You had 9 spell levels left.
You didn't know any spells.
Your spell library contained the following spells:

 Spells                   Type           Power      Damage    Failure   Level
 Blink                    Tloc           0%         N/A       56%         2
 Corpse Rot               Necr/Air       0%         N/A       56%         2
 Poisonous Vapours        Pois/Air       0%         N/A       56%         2
 Static Discharge         Conj/Air       0%         N/A       56%         2
 Fireball                 Conj/Fire      0%         3d3       100%        5
 Lightning Bolt           Conj/Air       0%         1d11      100%        5
 Manifold Assault         Tloc           0%         N/A       100%        5
 Starburst                Conj/Fire      0%         6d3       100%        6
 Storm Form               Tmut/Air       0%         N/A       100%        7
 Ignition                 Fire           0%         3d3       100%        8
 Maxwell's Capacitive Co  Air            0%         ∞         100%        8


Dungeon Overview and Level Annotations

Branches:
Dungeon (7/15)             Temple (0/1) D:6

Altars:
Ashenzari
Elyvilon
Kikubaaqudgha
Sif Muna
The Shining One
Beogh

Shops:
D:3 [

Annotations:
D:3 2 transporters, dandone's ghost, amateur MiFi


Innate Abilities, Weirdness & Mutations

Your flesh is heat resistant. (rF+)
You passively dampen the noise of your surroundings.


Message History

You are too injured to fight recklessly!
You are too injured to fight recklessly!
You are too injured to fight recklessly!
You are too injured to fight recklessly!
You are too injured to fight recklessly!
You are too injured to fight recklessly!
You are too injured to fight recklessly!
You are too injured to fight recklessly!
You are too injured to fight recklessly!
You are too injured to fight recklessly!
You hit the orc warrior but do no damage.
The orc warrior is almost dead.
The orc warrior hits you with a +0 war axe!!
* * * LOW HITPOINT WARNING * * *
You hit the orc warrior but do no damage.
The orc warrior is almost dead.
The orc warrior hits you with a +0 war axe!
* * * LOW HITPOINT WARNING * * *
You hit the orc warrior but do no damage.
The orc warrior is almost dead.
The orc warrior closely misses you.
Throw: 2 throwing nets
Press: ? - help, Q - select action, (/) - cycle Shift-Dir - straight line, f - orc warrior
Aim: an orc warrior, wielding a +0 war axe, wearing a +0 plate armour and quivering boomerangs (almost dead, fast, strong, frenzied and insane, 64% to hit)
You throw a throwing net. The throwing net hits the orc warrior.
The orc warrior is caught in the net!
The orc warrior is almost dead.
The orc warrior struggles against the net. x2
You hit the orc warrior.
The orc warrior is almost dead.
The orc warrior struggles against the net.
The net rips apart, and the orc warrior comes free!
Throw: throwing net
Press: ? - help, Q - select action, (/) - cycle Shift-Dir - straight line, f/p - orc warrior
Aim: an orc warrior, wielding a +0 war axe, wearing a +0 plate armour and quivering boomerangs (almost dead, fast, strong, frenzied and insane, 64% to hit)
You throw a throwing net.
The throwing net barely misses the orc warrior.
The orc warrior barely misses you.
The orc warrior hits you with a +0 war axe!
You die...

#.≈≈≈≈≈≈≈≈≈.#...#.#######
#.≈≈≈≈≈≈≈≈≈.###.#.#.....#
#.≈##'')##≈.###.#...###.#
#.≈#)))).#≈.....#.### #.#
#.≈#>...∩#≈.###########.#
#.≈#######≈......##......
#.≈≈≈≈≈≈≈≈≈......##.####.
........).......# ####.
###...@......... #....
#.#o#.#..#.##. #.##. #
#)#......# #.###
#)#......# #.#
#.#......^# #.#
#.######### #.# #. #.# #.
#.# #.#


You could see a neutral orc warrior (fast, strong, insane).

Vanquished Creatures
  Harold (D:7)
  The ghost of DearestLeader the Shield-Bearer, a novice GnFi (D:6)
  Prince Ribbit (D:5)
  A steam dragon (D:7)
  A water moccasin (D:6)
  A black bear (D:5)
  An ice beast (D:7)
  An orc warrior (D:6)
  2 ogres
  2 centaurs (D:6)
  A wolf (D:5)
  A bullfrog (D:7)
  4 scorpions
  A water moccasin skeleton (D:5)
  A centaur zombie (D:6)
  2 hounds
  2 jellies
  2 orc priests
  2 iguanas (D:4)
  2 centaur skeletons
  An orc wizard (D:6)
  A howler monkey zombie (D:7)
  A gnoll (D:4)
  A howler monkey skeleton (D:5)
  7 adders
  2 white imps
  A worm (D:4)
  3 dart slugs
  14 orcs
  4 endoplasms
  3 giant cockroaches
  7 goblins
  7 hobgoblins
  3 jackals (D:2)
  3 quokkas
  5 ball pythons
  4 bats
  A frilled lizard (D:2)
  4 kobolds
  A rat (D:2)
103 creatures vanquished.

Vanquished Creatures (collateral kills)
  A jelly (D:6)
  2 gnolls (D:4)
  An adder skeleton (D:4)
  6 orcs
  2 goblins (D:7)
  A kobold (D:3)
13 creatures vanquished.

Vanquished Creatures (others)
  A warg (D:6)
  An orc priest (D:6)
  A white imp (D:6)
3 creatures vanquished.

Grand Total: 119 creatures vanquished

Notes
Turn   | Place    | Note
-------+----------+-------------------------------------------
     0 | D:1      | Gabide the Human Monk began the quest for the Orb.
     0 | D:1      | Reached XP level 1. HP: 18/18 MP: 1/1
   459 | D:1      | Reached XP level 2. HP: 21/24 MP: 2/2
  1093 | D:2      | Reached XP level 3. HP: 17/29 MP: 3/3
  1345 | D:2      | Found a faded altar of an unknown god.
  2174 | D:3      | Found Sicaru's Antique Armour Shop.
  2191 | D:3      | Bought a runed cloak for 135 gold pieces
  2335 | D:3      | Found a transporter.
  2337 | D:3      | Noticed dandone's ghost (amateur MiFi)
  2338 | D:3      | Found a transporter.
  2378 | D:3      | Reached XP level 4. HP: 35/35 MP: 4/4
  2443 | D:3      | Found a shimmering blue altar of Sif Muna.
  2888 | D:3      | Found a white marble altar of Elyvilon.
  2918 | D:3      | Became a worshipper of Elyvilon the Healer
  2918 | D:3      | Reached * piety under Elyvilon
  2918 | D:3      | Reached ** piety under Elyvilon
  3031 | D:3      | Found a broken altar of Ashenzari.
  3170 | D:4      | Noticed an ogre
  3176 | D:3      | Identified 3 scrolls of acquirement
  3176 | D:3      | Acquired 1200 gold pieces
  3178 | D:3      | Acquired 823 gold pieces
  3180 | D:3      | Acquired a ring of see invisible
  3213 | D:3      | Bought a runed leather armour for 90 gold pieces
  3213 | D:3      | Bought a glowing orb for 216 gold pieces
  3481 | D:3      | Elyvilon protects you from harm!
  3487 | D:3      | Killed an ogre
  3488 | D:3      | Reached skill level 4 in Unarmed Combat
  3488 | D:3      | Reached skill level 1 in Invocations
  3488 | D:3      | Reached XP level 5. HP: 14/42 MP: 5/5
  4168 | D:4      | Reached XP level 6. HP: 34/48 MP: 5/7
  4749 | D:4      | Reached skill level 1 in Armour
  5706 | D:5      | Entered Level 5 of the Dungeon
  5707 | D:5      | Noticed Prince Ribbit
  6392 | D:5      | Killed Prince Ribbit
  6393 | D:5      | Reached skill level 5 in Unarmed Combat
  6393 | D:5      | Reached XP level 7. HP: 17/54 MP: 8/8
  7111 | D:5      | Found an ancient bone altar of Kikubaaqudgha.
  7159 | D:5      | Reached *** piety under Elyvilon
  7287 | D:5      | Reached skill level 5 in Dodging
  7767 | D:5      | Reached XP level 8. HP: 51/61 MP: 10/10
  8356 | D:6      | Reached skill level 6 in Unarmed Combat
  8632 | D:6      | Reached skill level 5 in Fighting
  8794 | D:6      | Found a glowing golden altar of the Shining One.
  9177 | D:6      | Identified the +5 trident of Xom {vorpal, rPois rC+++ MP+9
                  | Int-2}
  9235 | D:6      | Found a staircase to the Ecumenical Temple.
  9267 | D:6      | Found a runed translucent gate.
  9267 | D:6      | Found a runed translucent gate.
  9268 | D:6      | Found a runed translucent gate.
  9268 | D:6      | Noticed DearestLeader's ghost (novice GnFi)
  9324 | D:6      | Reached XP level 9. HP: 40/68 MP: 11/11
  9888 | D:6      | HP: 3/68 [orc warrior/+0 halberd (11)]
  9901 | D:6      | Elyvilon protects you from harm!
  9935 | D:6      | HP: 1/68 [warg (10)]
  9946 | D:6      | HP: 3/68 [warg (7)]
 10570 | D:6      | HP: 2/68 [orc warrior/+0 halberd (15)]
 10571 | D:6      | Elyvilon protects you from harm!
 11190 | D:6      | Reached skill level 7 in Unarmed Combat
 11300 | D:6      | Gained mutation: Your flesh is heat resistant. (rF+)
                  | [potion of mutation]
 11300 | D:6      | Gained mutation: You passively dampen the noise of your
                  | surroundings. [potion of mutation]
 11360 | D:6      | Killed DearestLeader's ghost
 12244 | D:7      | Noticed Harold
 12282 | D:7      | Killed Harold
 12283 | D:7      | Reached skill level 8 in Unarmed Combat
 12283 | D:7      | Reached skill level 5 in Invocations
 12283 | D:7      | Reached XP level 10. HP: 29/76 MP: 9/13
 12640 | D:7      | Slain by an orc warrior

Illustrated notes

Levels and vault maps discovered:
D:1:      giann_forest_graveyard, layout_basic
D:2:      layout_loops_ring, ebering_ecumenical_altar_webs,
          minmay_misc_feat_nine_boxes, minmay_misc_feat_room
D:3:      layout_basic, lemuel_round_altar, mainiacjoe_overflow_brackets,
          marbit_many_paths, serial_shops, shop, gammafunk_ghost_mausoleum
D:4:      layout_layer_cave, minmay_misc_feat_columns
D:5:      layout_cave_pools, old_standard_altar, enter_ossuary_5,
          uniq_prince_ribbit1
D:6:      layout_loops_ring, minmay_temple_entry_drinking_statues,
          biasface_ghost_orc_armoury, minmay_ruined_shrine
D:7:      layout_basic, enter_bailey_4, uniq_harold

Skill      XL: |  1  2  3  4  5  6  7  8  9 |
---------------+----------------------------+-----
Dodging        | 4 5 6 7 |  7.9
Unarmed Combat | 4 5 6 8 |  8.2
Invocations    | 1 2 3 5 |  5.1
Fighting       | 4 5 6 |  6.0
Armour         | 1 2 3 |  3.7
Stealth        | |  2.0

Action                   |  1- 3 |  4- 6 |  7- 9 | 10-12 || total
-------------------------+-------+-------+-------+-------++-------
Melee: Unarmed           |   121 |   168 |   410 |    27 ||   726
       Punch             |       |     2 |     4 |       ||     6
Throw: Throwing net      |       |     2 |       |     2 ||     4
Invok: Heal Other        |       |     2 |     2 |       ||     4
       Heal Self         |       |       |     6 |       ||     6
Evoke: Wand              |       |       |     1 |       ||     1
  Use: Scroll            |       |     9 |     7 |       ||    16
       Potion            |       |       |     6 |       ||     6
 Stab: Sleeping          |     5 |     3 |     1 |       ||     9
       Distracted        |       |       |     1 |       ||     1
Armor: Robe              |    41 |     7 |       |       ||    48
       Leather armour    |       |    41 |   172 |     6 ||   219
Dodge: Dodged            |    76 |   125 |   317 |    32 ||   550
